 Dungeon Crawl Stone Soup version 0.22-a0-44-geb883ae (webtiles) character file.

28760 Timinator the Martial Artist (level 13, -1/103 HPs)
             Began as a Vampire Transmuter on Jan 6, 2018.
             Was a High Priest of Kikubaaqudgha.
             Slain by an ettin
             ... wielding a +0 dire flail
              (18 damage)
             ... on level 2 of the Orcish Mines.
             The game lasted 02:12:03 (13119 turns).

Timinator the Martial Artist (Vampire Transmuter)  Turns: 13119, Time: 02:12:03

Health: -1/103     AC:  6    Str:  9    XL:     13   Next: 11%
Magic:  21/33      EV: 22    Int: 19    God:    Kikubaaqudgha [*****.]
Gold:   1510       SH:  0    Dex: 21    Spells: 9/27 levels left

rFire    . . .     SeeInvis +     - Unarmed
rCold    . . .     Gourm    .   (shield currently unavailable)
rNeg     . . .     Faith    .   F - +0 robe
rPois    .         Spirit   .   h - +0 helmet
rElec    .         Reflect  .   m - +2 cloak
rCorr    .         Harm     .   (gloves currently unavailable)
MR       +....                  (no boots)
Stlth    ++........             (no amulet)
HPRegen  0.47/turn              p - ring of magical power
MPRegen  0.23/turn              o - +3 ring of intelligence

@: blade hands, regenerating quickly
A: fangs 3, see invisible, agile 1, mutation resistance 1, unbreathing
a: End Transformation, Receive Corpses, Torment, Renounce Religion


You were on level 2 of the Orcish Mines.
You worshipped Kikubaaqudgha.
Kikubaaqudgha was extremely pleased with you.
You were very full.
You had blades for hands.
You visited 3 branches of the dungeon, and saw 14 of its levels.
You also visited: Bailey.

You collected 1510 gold pieces.

Inventory:

Missiles
 a - 301 arrows
Armour
 h - a +0 helmet (worn)
 m - a +2 cloak (worn)
 r - a +4 ring mail of fire resistance
 s - a +1 pair of gloves (melded)
 F - a +0 robe (worn)
Jewellery
 o - a +3 ring of intelligence (right scythe-like blade)
 p - a ring of magical power (left scythe-like blade)
Wands
 b - a wand of random effects (72)
 e - a wand of flame (36)
 g - a wand of iceblast (5)
 D - a wand of scattershot (6)
Scrolls
 f - 5 scrolls of remove curse
 i - 7 scrolls of teleportation
 k - 3 scrolls of amnesia
 y - 3 scrolls of magic mapping
 A - 3 scrolls of identify
 B - 2 scrolls of enchant weapon
 C - 2 scrolls of silence
 E - a scroll of blinking
Potions
 d - 35 potions of blood
 j - 2 potions of magic
 l - 3 potions of curing
 v - 3 potions of brilliance
 G - 2 potions of resistance
 H - a potion of flight
Books
 c - a book of Changes

   Spells                             Type                      Level
   a - Beastly Appendage              Transmutation                1
   b - Sticks to Snakes               Transmutation                2
   c - Spider Form                    Transmutation/Poison         3
   d - Ice Form                       Ice/Transmutation            4
   e - Blade Hands                    Transmutation                5
 t - Kikubaaqudgha's Tome of Unholy Secrets
   (Kikubaaqudgha gifted it to you on level 10 of the Dungeon)

   Spells                             Type                      Level
   a - Animate Dead                   Necromancy                   4
   b - Bolt of Draining               Conjuration/Necromancy       5
   c - Borgnjor's Vile Clutch         Necromancy/Earth             5
   d - Dispel Undead                  Necromancy                   5
   e - Simulacrum                     Ice/Necromancy               6
 u - the Tome of the Tiger
   (You found it in a bailey)

   Spells                             Type                      Level
   a - Shroud of Golubria             Charms/Translocation         2
   b - Blink                          Translocation                2
   c - Portal Projectile              Hexes/Translocation          3
   d - Bolt of Cold                   Conjuration/Ice              6
   e - Malign Gateway                 Summoning/Translocation      7
 I - Kikubaaqudgha's Compendium of Evil
   (Kikubaaqudgha gifted it to you on level 8 of the Dungeon)

   Spells                             Type                      Level
   a - Pain                           Necromancy                   1
   b - Corpse Rot                     Necromancy                   2
   c - Sublimation of Blood           Necromancy                   2
   d - Vampiric Draining              Necromancy                   3


   Skills:
 * Level 10.0 Fighting
 * Level 11.6 Dodging
 * Level 11.9 Unarmed Combat
 + Level 7.5 Spellcasting
 * Level 3.8 Charms
 + Level 4.6 Necromancy
 - Level 10.0 Transmutations


You had 9 spell levels left.
You knew the following spells:

 Your Spells              Type           Power        Failure   Level  Hunger
a - Beastly Appendage     Tmut           #####.       8%          1    None
b - Blade Hands           Tmut           #####.....   30%         5    #####..
c - Ice Form              Ice/Tmut       ####....     50%         4    ###....
d - Shroud of Golubria    Chrm/Tloc      ##........   38%         2    None
e - Animate Dead          Necr           N/A          54%         4    ###....
f - Blink                 Tloc           N/A          54%         2    None


Dungeon Overview and Level Annotations

Branches:
Dungeon (11/15)            Temple (1/1) D:7            Lair (0/6) D:11
    Orc (2/2) D:11            Elf (0/3) Orc:2

Altars:
Ashenzari
Cheibriados
Dithmenos
Elyvilon
Fedhas
Kikubaaqudgha
Makhleb
Qazlal
Ru
Sif Muna
Trog
Vehumet
Wu Jian
The Shining One

Shops:
D:11 %   Orc:2 :


Innate Abilities, Weirdness & Mutations

Your natural rate of healing is unusually fast.
You have razor-sharp teeth.
You have supernaturally acute eyesight. (SInv)
You can survive without breathing.
You are agile. (Dex +2)
You are somewhat resistant to further mutation.


Message History

Confirm with . or Enter, or press ? or * to list all spells.
Space distorts slightly along a thin shroud covering your body.
Casting: Shroud of Golubria
Confirm with . or Enter, or press ? or * to list all spells.
Your hands turn into razor-sharp scythe blades.
Your +1 pair of gloves melds into your body.
You hit the ettin.
The ettin is heavily wounded.
The ettin completely misses you. The ettin misses you.
You slash the ettin!
The ettin is severely wounded.
The ettin hits you with a dire flail!!!
* * * LOW HITPOINT WARNING * * *
Your shroud falls apart!
The ettin completely misses you.
You slice the ettin!! You bite the ettin, but do no damage.
The ettin is almost dead.
The ettin hits you with a dire flail!!
You die...
Kikubaaqudgha rasps: "You have failed me!
Welcome... oblivion!"

### ##[#)## #.## ##....## ####..#
##.....)# #### ##.#..###
##......## ...# #.....#.##
#.#......# ...## ##.......#
###....#)###
....#####.....#####.#[.....#.##
....#..........##..........#..#
......(...(<()..@C.)..#......###
#......>..)..#........##.......##
#..........#.#.......###.........
)...[.)...###.........###..(.....
###.[......#...........##........
##............................###
..................#............#
...............#####.........###
.....#........###.##......#..#


You could see an ettin.

Vanquished Creatures
  9 two-headed ogres
  2 ogre magi (Orc:1)
  The ghost of bombasticus the Protected, a novice MiBe of Trog (D:9)
  A death drake (Bailey)
  An unseen horror (D:10)
  2 deep trolls (Orc:2)
  A deep elf archer (Bailey)
  10 deep elf magi
  A cyclops (Orc:1)
  An orc sorcerer (D:11)
  The ghost of Yaldabaoth the Covert, a novice SpEn of Dithmenos (D:8)
  Joseph (D:7)
  8 trolls
  A hornet (D:10)
  Grinder (D:3)
  3 hippogriffs
  Sigmund (D:3)
  A wraith (D:10)
  A human (D:8)
  2 hungry ghosts
  A warg (Orc:2)
  4 porcupines (D:11)
  7 ice beasts
  16 orc warriors
  2 sky beasts
  2 black bears (D:11)
  A necrophage (D:7)
  23 ogres
  A phantom (D:4)
  2 wolves (D:11)
  3 centaurs
  5 crocodiles
  Blork the orc (D:4)
  7 bullfrogs
  2 wyvern zombies
  A gnoll sergeant (D:10)
  A wyvern skeleton (D:9)
  A water moccasin zombie (D:6)
  4 scorpions
  7 wights
  7 howler monkeys
  2 centaur zombies
  9 crimson imps
  2 bullfrog skeletons
  2 hounds
  Crazy Yiuf (D:3)
  13 orc priests
  A centaur skeleton (D:4)
  4 jellies
  30 orc wizards
  A gnoll shaman (D:6)
  2 iguanas
  Ijyb (D:3)
  Natasha (thrice) (D:4)
  5 worker ants
  A hound skeleton (D:10)
  9 adders
  16 gnolls
  2 shadow imps
  2 adder zombies
  2 worms (D:4)
  A dart slug (D:1)
  7 leopard geckos
  68 orcs
  3 ball pythons
  5 bats
  8 giant cockroaches
  9 goblins
  8 hobgoblins
  6 jackals
  5 kobolds
  5 quokkas
  5 frilled lizards
  A jackal skeleton (D:5)
  A leopard gecko skeleton (D:4)
  2 quokka skeletons
  2 quokka zombies
  4 rats
  A fungus (D:3)
396 creatures vanquished.

Vanquished Creatures (others)
  2 plants (D:11)
2 creatures vanquished.

Grand Total: 398 creatures vanquished

Notes
Turn   | Place    | Note
-------+----------+-------------------------------------------
     0 | D:1      | Timinator the Vampire Transmuter began the quest for the Orb.
     0 | D:1      | Reached XP level 1. HP: 14/14 MP: 3/3
    15 | D:1      | Reached skill level 1 in Fighting
    95 | D:1      | Reached XP level 2. HP: 20/22 MP: 5/5
   522 | D:1      | Reached XP level 3. HP: 19/27 MP: 4/6
  1215 | D:2      | Reached XP level 4. HP: 33/34 MP: 7/7
  1700 | D:3      | Noticed Ijyb
  1723 | D:3      | Killed Ijyb
  1840 | D:3      | Noticed Grinder
  1858 | D:3      | Killed Grinder
  1858 | D:3      | Reached XP level 5. HP: 41/41 MP: 9/9
  1858 | D:3      | Reached XP level 6. HP: 47/47 MP: 10/10
  2023 | D:3      | Noticed Sigmund
  2044 | D:3      | Killed Sigmund
  2617 | D:3      | Found a runed door.
  2624 | D:3      | Noticed Crazy Yiuf
  2627 | D:3      | Killed Crazy Yiuf
  2738 | D:4      | Reached skill level 5 in Unarmed Combat
  2738 | D:4      | Reached XP level 7. HP: 46/53 MP: 12/12
  2770 | D:4      | You fall through a shaft!
  2770 | D:5      | Entered Level 5 of the Dungeon
  3025 | D:4      | Noticed Blork the orc
  3048 | D:4      | Killed Blork the orc
  3068 | D:4      | Learned a level 5 spell: Blade Hands
  3073 | D:4      | Learned a level 4 spell: Ice Form
  3162 | D:4      | Reached XP level 8. HP: 60/60 MP: 13/13
  3257 | D:4      | Noticed Natasha
  3271 | D:4      | Killed Natasha
  3295 | D:4      | Reached skill level 5 in Dodging
  3410 | D:4      | Noticed Natasha
  3419 | D:4      | Killed Natasha
  3478 | D:4      | Noticed Natasha
  3491 | D:4      | Killed Natasha
  3817 | D:5      | Reached skill level 5 in Transmutations
  4586 | D:5      | Gained mutation: You tend to lose your temper in combat. [mutagenic glow]
  4617 | D:5      | Gained mutation: You are weak. (Str -2) [mutagenic glow]
  4835 | D:5      | Lost mutation: You tend to lose your temper in combat. [potion of mutation]
  4835 | D:5      | Lost mutation: You are weak. (Str -2) [potion of mutation]
  4835 | D:5      | Gained mutation: You are agile. (Dex +2) [potion of mutation]
  4835 | D:5      | Gained mutation: You are somewhat resistant to further mutation. [potion of mutation]
  4922 | D:6      | Reached skill level 5 in Fighting
  5219 | D:6      | Noticed an air elemental
  5221 | D:6      | Found a stormy altar of Qazlal.
  5366 | D:7      | Noticed Joseph
  5384 | D:7      | Killed Joseph
  5384 | D:7      | Reached XP level 9. HP: 61/68 MP: 15/15
  5447 | D:7      | Found a flagged portal.
  5457 | Bailey   | Entered a bailey
  5464 | Bailey   | Noticed a deep elf mage
  5478 | Bailey   | Killed a deep elf mage
  5505 | Bailey   | Noticed a deep elf mage
  5507 | Bailey   | Noticed a deep elf mage
  5507 | Bailey   | Noticed a deep elf mage
  5510 | Bailey   | Noticed a demonic crawler
  5510 | Bailey   | Noticed a jumping spider
  5513 | Bailey   | Killed a deep elf mage
  5517 | Bailey   | Killed a deep elf mage
  5518 | Bailey   | Noticed a death drake
  5527 | Bailey   | Killed a death drake
  5527 | Bailey   | Reached skill level 5 in Spellcasting
  5527 | Bailey   | Reached XP level 10. HP: 58/77 MP: 17/17
  5528 | Bailey   | Noticed a deep elf mage
  5532 | Bailey   | Noticed a soul eater
  5532 | Bailey   | Killed a deep elf mage
  5537 | Bailey   | Killed a deep elf mage
  5541 | Bailey   | Noticed a deep elf mage
  5551 | Bailey   | Killed a deep elf mage
  5555 | Bailey   | Noticed a deep elf archer
  5567 | Bailey   | Killed a deep elf archer
  5586 | Bailey   | Identified the Tome of the Tiger
  5591 | Bailey   | Learned a level 2 spell: Shroud of Golubria
  5630 | Bailey   | Noticed a deep elf mage
  5630 | Bailey   | Noticed a deep elf mage
  5630 | Bailey   | Noticed a deep elf mage
  5633 | Bailey   | Killed a deep elf mage
  5635 | Bailey   | Killed a deep elf mage
  5638 | Bailey   | Killed a deep elf mage
  5713 | Bailey   | Identified a scroll of acquirement
  6062 | D:7      | Found a staircase to the Ecumenical Temple.
  6081 | Temple   | Entered the Ecumenical Temple
  6101 | Temple   | Became a worshipper of Kikubaaqudgha
  6140 | D:7      | Found a stormy altar of Qazlal.
  6168 | D:7      | Reached XP level 11. HP: 82/84 MP: 19/19
  6316 | D:7      | Found a snail-covered altar of Cheibriados.
  6316 | D:7      | Found a glowing golden altar of the Shining One.
  6318 | D:7      | Found a deep blue altar of Sif Muna.
  6330 | D:7      | Found a sacrificial altar of Ru.
  6712 | D:8      | Found a shadowy altar of Dithmenos.
  6859 | D:8      | Noticed Yaldabaoth's ghost (novice SpEn)
  6903 | D:8      | Killed Yaldabaoth's ghost
  7297 | D:8      | Reached * piety under Kikubaaqudgha
  7297 | D:8      | Identified Kikubaaqudgha's Compendium of Evil (Kikubaaqudgha gifted it to you on level 8 of the Dungeon)
  7297 | D:8      | Received a gift from Kikubaaqudgha
  7948 | D:9      | Found a burning altar of Makhleb.
  8020 | D:9      | Noticed a deep elf mage
  8028 | D:9      | Killed a deep elf mage
  8062 | D:9      | Noticed a two-headed ogre
  8088 | D:9      | Killed a two-headed ogre
  8088 | D:9      | Reached ** piety under Kikubaaqudgha
  8088 | D:9      | Reached skill level 10 in Unarmed Combat
  8609 | D:9      | Noticed bombasticus's ghost (novice MiBe)
  8630 | D:9      | Killed bombasticus's ghost
  8937 | D:10     | Entered Level 10 of the Dungeon
  9351 | D:10     | Reached skill level 10 in Dodging
  9489 | D:10     | Noticed a two-headed ogre
  9518 | D:10     | Killed a two-headed ogre
  9583 | D:10     | Reached skill level 10 in Transmutations
  9601 | D:10     | Found a blossoming altar of Fedhas.
  9872 | D:10     | Noticed an unseen horror
  9888 | D:10     | Killed an unseen horror
  9919 | D:10     | Reached *** piety under Kikubaaqudgha
  9919 | D:10     | Identified Kikubaaqudgha's Tome of Unholy Secrets (Kikubaaqudgha gifted it to you on level 10 of the Dungeon)
  9919 | D:10     | Received a gift from Kikubaaqudgha
  9943 | D:10     | Learned a level 4 spell: Animate Dead
  9976 | D:10     | Reached XP level 12. HP: 94/94 MP: 22/22
 10101 | D:11     | Found a staircase to the Orcish Mines.
 10159 | D:11     | Found a staircase to the Lair.
 10179 | D:11     | Reached skill level 1 in Necromancy
 10373 | D:11     | Learned a level 2 spell: Blink
 10380 | D:11     | Found Duemyrgh's Food Emporium.
 10622 | D:11     | Noticed a two-headed ogre
 10633 | D:11     | Killed a two-headed ogre
 10933 | Orc:1    | Entered Level 1 of the Orcish Mines
 11315 | Orc:2    | Entered Level 2 of the Orcish Mines
 11369 | Orc:2    | Reached **** piety under Kikubaaqudgha
 11710 | Orc:2    | Found a staircase to the Elven Halls.
 11812 | Orc:2    | Noticed a two-headed ogre
 11812 | Orc:2    | Noticed a two-headed ogre
 11812 | Orc:2    | Noticed a two-headed ogre
 11815 | Orc:2    | Reached ***** piety under Kikubaaqudgha
 12212 | Orc:1    | Killed a two-headed ogre
 12212 | Orc:1    | Reached skill level 1 in Charms
 12470 | Orc:1    | Killed a two-headed ogre
 12583 | Orc:2    | Killed a two-headed ogre
 12591 | Orc:2    | Noticed an ogre mage
 12592 | Orc:2    | Noticed an ogre mage
 12630 | Orc:1    | Killed an ogre mage
 12654 | Orc:1    | Killed an ogre mage
 12846 | Orc:2    | Found Jifo's Book Shop.
 12851 | Orc:2    | Noticed a two-headed ogre
 12855 | Orc:2    | Noticed a two-headed ogre
 12860 | Orc:2    | Noticed an ettin
 12889 | Orc:1    | Killed a two-headed ogre
 12889 | Orc:1    | Reached XP level 13. HP: 101/103 MP: 23/24
 13078 | Orc:1    | Reached skill level 10 in Fighting
 13119 | Orc:2    | Slain by an ettin

Vault maps used:
D:1:      minmay_arrival_shattered_statue
D:3:      uniq_crazy_yiuf_cottage, uniq_sigmund, uniq_ijyb, uniq_grinder
D:4:      first_ration, minmay_misc_feat_square, uniq_blork_the_orc,
          uniq_natasha
D:6:      corexii_hall_statues_t, nicolae_qazlal_style_of_elements
D:7:      overflow_temple_1_default, gammafunk_temple_overflow_forgotten,
          temple_pool_b, basic_altar, enter_bailey_2, uniq_joseph
D:8:      grunt_dithmenos_shadows, grunt_pizzeria, palyth_stone_intersect,
          grunt_decor_mini_mirrors
D:9:      kennysheep_little_box
D:10:     st_stairs_8, fedhas_altar_2
D:11:     minmay_lair_entry_grove, serial_shops, shop, eino_tiny_chamber,
          kennysheep_path_1, nicolae_water_bricks
Temple:   kb_temple_of_zot
Orc:2:    st_orc_open
Bailey:   bailey_polearm_3, bailey

Skill      XL: |  1  2  3  4  5  6  7  8  9 10 11 12 13 |
---------------+----------------------------------------+-----
Fighting       | 1 2 3 4 5 6 7 8 9 10 | 10.0
Unarmed Combat | 4 5 7 8 9 10 11 | 11.9
Dodging        | 3 4 6 7 8 10 11 | 11.6
Spellcasting   | 3 4 5 6 7 |  7.5
Transmutations | 3 4 6 7 8 10 | 10.0
Necromancy     | 4 |  4.6
Charms         | 3 |  3.8

Action                   |  1- 3 |  4- 6 |  7- 9 | 10-12 | 13-15 || total
-------------------------+-------+-------+-------+-------+-------++-------
Melee: Unarmed           |   153 |   186 |   358 |   777 |    22 ||  1496
       Bite              |    11 |    13 |    40 |    66 |     1 ||   131
       Kick              |     4 |     4 |    68 |    43 |       ||   119
       Punch             |     2 |     4 |     7 |    46 |     3 ||    62
 Cast: Beastly Appendage |     4 |     6 |    23 |    15 |       ||    48
       Blade Hands       |       |       |     2 |    65 |     4 ||    71
       Ice Form          |       |       |       |     3 |       ||     3
       Shroud of Golubri |       |       |       |    17 |     4 ||    21
       Blink             |       |       |       |     3 |       ||     3
Invok: Torment           |       |       |       |       |     1 ||     1
 Abil: Bat Form          |       |     1 |       |       |       ||     1
       End Transformatio |       |       |       |     8 |     1 ||     9
  Use: Potion            |     3 |     6 |    11 |    18 |       ||    38
       Scroll            |       |     3 |     4 |    17 |       ||    24
 Stab: Sleeping          |     2 |     3 |     1 |       |       ||     6
  Eat: Corpse            |     6 |     5 |    11 |    43 |     1 ||    66
Armor: Robe              |    34 |    30 |    23 |    86 |     4 ||   177
       Skin              |       |     9 |    33 |    24 |       ||    66
       Ring mail         |       |     4 |    68 |     3 |       ||    75
Dodge: Dodged            |   101 |   104 |   206 |   595 |    39 ||  1045

Table legend:
 A = Spawn XP
 B = Non-spawn XP
 C = Spawn XP percentage of total XP
 D = Spawn monster count
 E = Non-spawn monster count
 F = Spawn count percentage of total count
 G = Total turns spent on level
                    A         B        C        D         E        F      G
               +---------+---------+-------+---------+---------+-------+---------
         Total |       0 |   41087 |   0.0 |       0 |     395 |   0.0 | 13119
               +---------+---------+-------+---------+---------+-------+---------
           D:1 |       0 |      48 |   0.0 |       0 |      24 |   0.0 |   853
           D:2 |       0 |      76 |   0.0 |       0 |      18 |   0.0 |   704
           D:3 |       0 |     604 |   0.0 |       0 |      20 |   0.0 |  1162
           D:4 |       0 |     800 |   0.0 |       0 |      27 |   0.0 |   841
           D:5 |       0 |     556 |   0.0 |       0 |      16 |   0.0 |  1102
           D:6 |       0 |     465 |   0.0 |       0 |      12 |   0.0 |   605
           D:7 |       0 |    2099 |   0.0 |       0 |      26 |   0.0 |  1074
           D:8 |       0 |    2352 |   0.0 |       0 |      39 |   0.0 |  1227
           D:9 |       0 |    3847 |   0.0 |       0 |      34 |   0.0 |  1066
          D:10 |       0 |    4495 |   0.0 |       0 |      36 |   0.0 |  1164
          D:11 |       0 |    4190 |   0.0 |       0 |      34 |   0.0 |  1008
         Orc:1 |       0 |    9867 |   0.0 |       0 |      49 |   0.0 |  1301
         Orc:2 |       0 |    5145 |   0.0 |       0 |      49 |   0.0 |   709
        Bailey |       0 |    6543 |   0.0 |       0 |      11 |   0.0 |   261
               +---------+---------+-------+---------+---------+-------+---------
